 Dungeon Crawl Stone Soup version 0.15-a0-910-gf78ccf3 (webtiles) character file.

6551234 Gruud the Sensei (level 27, 250/306 HPs)
             Began as a Demonspawn Transmuter on May 8, 2014.
             Was the Champion of Makhleb.
             Escaped with the Orb
             ... and 8 runes on May 20, 2014!
             The game lasted 13:56:48 (74776 turns).

Gruud the Sensei (Demonspawn Transmuter)           Turns: 74776, Time: 13:56:48

HP 250/306       AC 33     Str 17      XL: 27
MP  33/44        EV 22     Int 18      God: Makhleb [******]
Gold 14207       SH  0     Dex 21 (23) Spells: 17 memorised,  0 levels left

rFire  + . .     SeeInvis +       - Unarmed
rCold  + + .     Clarity  .     e - melded +4 troll leather armour {rC+}
rNeg   + . .     Conserve +     (no shield)
rPois  +         rCorr    +     h - +2 helmet {SInv}
rElec  +         rRot     +     F - +1 cloak {rCorr, Cons}
SustAb .         Spirit   .     (gloves unavailable)
rMut   +         Warding  .     k - melded +2 pair of boots {rF+}
Gourm  .         Stasis   .     I - amulet of resist mutation
MR     +++..                    Z - ring "Smegruc" {+Blink rPois rF+ rC+}
                                L - ring of protection from magic

@: statue-form, regenerating, very slightly contaminated, hasted, extremely
resistant to hostile enchantments, very unstealthy
A: claws 3, thin skeletal structure 3, cold resistance 1, conserve potions,
demonic guardian 3, passive freeze, powered by death 3, spit poison 1
a: Spit Poison, End Transformation, Minor Destruction, Lesser Servant of
Makhleb, Major Destruction, Greater Servant of Makhleb, Renounce Religion, Evoke
Blink
0: Orb of Zot
}: 8/15 runes: decaying, serpentine, slimy, silver, iron, obsidian, icy, bone


You escaped.
You worshipped Makhleb.
Makhleb was exalted by your worship.
You were not hungry.
You were a stone statue.
You visited 17 branches of the dungeon, and saw 94 of its levels.
You visited the Abyss 1 time.
You visited 1 bazaar.
You also visited: Trove, Bailey, Ice Cave and Volcano.

You collected 15950 gold pieces.
You spent 1743 gold pieces at shops.

Inventory:

Hand weapons
 b - a cursed +9 blowgun
Missiles
 u - 12 curare-tipped needles
 y - 8 darts of dispersal (quivered)
Armour
 e - a +4 troll leather armour of cold resistance (melded)
 h - a +2 helmet of see invisible (worn)
 k - a +2 pair of boots of fire resistance (melded)
 B - a +1 cloak of magic resistance
 F - a +1 cloak of preservation (worn)
 J - a cursed +1 cloak of preservation
 V - a cursed +2 buckler of resistance
Magical devices
 m - a wand of heal wounds (5)
 n - a wand of disintegration (6)
 t - a wand of digging (6)
 C - a wand of invisibility (3)
 K - a wand of heal wounds (3)
 Q - a wand of hasting (2)
Comestibles
 l - 9 meat rations
Scrolls
 c - 2 scrolls of remove curse
 j - 2 scrolls of silence
 s - 4 scrolls of teleportation
 w - 7 scrolls of fog
 M - a scroll of blinking
 N - a scroll of vulnerability
 T - 2 scrolls of fear
 U - 2 scrolls of identify
Jewellery
 a - the ring of Vitality {HP+15 Regen}
   (You found it on level 7 of Tartarus)

   [ring of regeneration]

   It affects your health (+15).
   It increases your rate of regeneration.
 f - the amulet "Viyne" {Gourm rF++ Dex+2 Int+1 Stlth+}
   (You took it off a deep elf knight on level 3 of the Elven Halls)

   [amulet of the gourmand]

   It allows you to eat raw meat even when not hungry.
   It affects your intelligence (+1).
   It affects your dexterity (+2).
   It greatly protects you from fire.
   It makes you more stealthy.
 g - the cursed ring "Xotaf" {Dex+5 Acc+2 Dam+6}
   (You found it on level 4 of the Depths)

   [ring of slaying]

   It affects your dexterity (+5).
   It affects your accuracy with ranged weapons and melee attacks (+2).
   It affects your damage with ranged weapons and melee attacks (+6).
   It has a curse placed upon it.
 o - an uncursed ring of wizardry
 G - the cursed ring "fgsfds" {+Fly rF+ SInv}
   (You found it on level 1 of the Elven Halls)

   [ring of flight]

   It protects you from fire.
   It enhances your eyesight.
   It lets you fly.
   It has a curse placed upon it.
 I - an amulet of resist mutation (around neck)
 L - a ring of protection from magic (left claw)
 Y - a cursed amulet of stasis
 Z - the ring "Smegruc" (right claw) {+Blink rPois rF+ rC+}
   (You took it off a deep elf fighter on level 3 of the Elven Halls)

   [ring of poison resistance]

   It protects you from fire.
   It protects you from cold.
   It protects you from poison.
   It lets you blink.
Potions
 d - 15 potions of curing
 p - 3 potions of restore abilities
 D - 2 potions of might
 E - 3 potions of magic
 H - 4 potions of resistance
 O - 2 potions of agility
 P - 2 potions of brilliance
 S - a potion of haste
Miscellaneous
 v - a fan of gales (inert)
 R - a phial of floods


   Skills:
 + Level 23.4 Fighting
 - Level 20.1 Dodging
 - Level 5.6 Shields
 + Level 23.9 Unarmed Combat
 - Level 17.0 Spellcasting
 - Level 13.4 Charms
 - Level 17.4 Translocations
 - Level 8.1 Transmutations
 + Level 22.2 Earth Magic
 - Level 10.0 Invocations


You couldn't memorise any spells.
You knew the following spells:

 Your Spells              Type           Power        Failure   Level  Hunger
a - Confusing Touch       Hex            ###.......   4%          1    None
b - Stoneskin             Trmt/Erth      ######....   0%          2    None
c - Repel Missiles        Chrm/Air       #####.       1%          2    None
d - Control Teleport      Chrm/Tloc      ######....   1%          4    None
e - Statue Form           Trmt/Erth      ######....   1%          6    #####..
f - Swiftness             Chrm/Air       #####...     1%          2    None
g - Summon Butterflies    Summ           ###.....     4%          1    None
h - Flight                Chrm/Air       #####.....   1%          3    None
i - Phase Shift           Tloc           ######....   1%          5    ##.....
j - Controlled Blink      Tloc           N/A          2%          7    ######.
k - Animate Skeleton      Necr           N/A          4%          1    None
l - Regeneration          Chrm/Necr      #####.....   1%          3    None
m - Blink                 Tloc           N/A          0%          2    None
n - Haste                 Chrm           ######..     2%          6    #####..
o - Apportation           Tloc           ######....   0%          1    None
p - Dispersal             Tloc           ######....   1%          6    #####..
q - Disjunction           Tloc           ######....   21%         8    #######


Dungeon Overview and Level Annotations

Branches:
Dungeon (15/15)            Temple (1/1) D:5             Orc (4/4) D:11
    Elf (3/3) Orc:4          Lair (8/8) D:9           Swamp (5/5) Lair:5
  Snake (5/5) Lair:4        Slime (6/6) Lair:6       Vaults (5/5) D:14
  Blade (0/1) Vaults:3      Crypt (3/3) Vaults:2       Tomb (0/3) Crypt:3
   Hell (1/1)                 Dis (7/7) Hell            Geh (7/7) Hell
    Coc (7/7) Hell            Tar (7/7) Hell            Zot (5/5) Depths:5
 Depths (5/5) D:15

Altars:
Cheibriados
Elyvilon
Fedhas
Kikubaaqudgha
Makhleb
Nemelex Xobeh
Okawaru
Qazlal
Sif Muna
Trog
Vehumet
Xom
Zin
The Shining One
Beogh
Jiyva

Shops:
D:6 (   D:7 :}([   Orc:2 (   Orc:4 ?*%[}   Elf:2 !   Elf:3 (   Snake:4 :
Depths:4 ([!

Portals:
Hell: Depths:1 Depths:2 Depths:3 Depths:4 Depths:5
Abyss: Depths:1 Depths:4 Depths:5
Pandemonium: Depths:2 Depths:3 Depths:5
Ziggurat: Depths:3

Annotations:
D:5 exclusion: oklob plant
D:9 Erolcha
Elf:3 +2 prot shield
Swamp:3 Mara


Innate Abilities, Weirdness & Mutations

You have claws for hands.*
You have an unnaturally thin skeletal structure (Dex +6, Stealth++).
Your flesh is cold resistant.*
You are very good at protecting items from cold.
A powerful demonic guardian rushes to your aid.
A frigid envelope surrounds you and freezes all who hurt you.
You can steal the life force of all defeated enemies in sight.
You can spit poison.


Message History

Something smites you!
The smoke demon hits you but does no damage.
The smoke demon is very cold.
The smoke demon is lightly wounded.
The smoke demon closely misses you. The smoke demon misses you.
The smoke demon hits you but does no damage.
The smoke demon is very cold.
The smoke demon is lightly wounded.
The smoke demon closely misses you.
The smoke demon hits you but does no damage.
The smoke demon is very cold.
The smoke demon is moderately wounded.
The smoke demon hits you but does no damage.
The smoke demon is very cold.
The smoke demon is lightly wounded.
The smoke demon hits you.
The smoke demon appears unharmed.
The smoke demon hits you but does no damage.
The smoke demon is very cold.
The smoke demon is moderately wounded.
You have escaped!

#.# ##>####
#.....########
#............##
#...#.....#...##########
#..######.##............
#...8.....8.............
#...#..4..#...########..
##..#.38..#...# #####.#
#..#.333.#...# #.....#
#..8.....8...####.....#
#.##.######............
#.##.....#....###..)..#
#.............# #.....#
####.#....##..# ###.###
#.##.#####.# #.# #.##.#
#.# #.#


You could see a hellwing and 4 smoke demons.

Vanquished Creatures
  Antaeus (Coc:7)
  Asmodeus (Geh:7)
  the royal jelly (Slime:6)
  Ereshkigal (Tar:7)
  Dispater (Dis:7)
  the Serpent of Hell (Geh:7)
  2 orbs of fire
  7 ancient liches
  A curse toe (Zot:5)
  A pandemonium lord (D:2)
  the Lernaean hydra (Swamp:5)
  Norris (Vaults:3)
  A Killer Klown (Zot:5)
  11 golden dragons
  Geryon (Hell)
  A profane servitor (D:6)
  2 electric golems (Zot:5)
  14 bone dragons
  Nikola (Swamp:1)
  20 Brimstone Fiends
  6 Hell Sentinels
  Asterion (Snake:1)
  10 tentacled monstrosities
  10 Ice Fiends
  29 Orb Guardians
  6 titans
  2 deep elf blademasters (Elf:3)
  8 liches
  A deep elf master archer (Elf:3)
  20 Shadow Fiends
  A tentacled starspawn (Abyss:1)
  14 acid blobs
  4 quicksilver dragons
  13 storm dragons
  2 sphinxes
  A sphinx (shapeshifter) (Vaults:5)
  A blood saint (Depths:1)
  Agnes (Swamp:1)
  Rupert (Lair:8)
  2 Executioners
  10 shadow dragons
  8 ancient champions
  2 thorn hunters
  2 revenants
  6 fire giants
  7 tengu reavers
  8 greater nagas
  2 draconian monks
  A chaos champion (Depths:1)
  Donald (Orc:3)
  4 draconian scorchers
  4 azure jellies
  10 deep elf sorcerers
  5 iron dragons
  44 reapers
  Louise (Swamp:1)
  7 frost giants
  15 vault wardens
  Aizul (Snake:1)
  An orc warlord (Orc:3)
  The ghost of casual the Shatterer, a mighty GrFi of Qazlal (Swamp:4)
  11 balrugs
  3 draconian zealots
  5 draconian knights
  3 emperor scorpions
  2 ghost moths
  2 cacodemons
  An octopode crusher (Depths:1)
  2 spriggan defenders (Depths:2)
  7 draconian annihilators
  17 stone giants
  10 war gargoyles
  3 draconian shifters
  8 green draconians
  9 grey draconians
  12 deep elf demonologists
  2 draconian callers
  12 salamander firebrands
  A lorocyproca (Hell)
  6 mottled draconians
  16 deep elf annihilators
  8 pale draconians
  A curse skull (Crypt:3)
  4 dire elephants
  11 red draconians
  9 yellow draconians
  8 purple draconians
  3 white draconians
  4 eidola
  3 vampire knights
  7 black draconians
  7 deep elf death magi
  12 ettins
  A merfolk impaler (Depths:1)
  Snorg (Swamp:4)
  41 vault guards
  3 death oozes (Slime:6)
  2 green deaths
  4 blizzard demons (Coc:7)
  7 jiangshi
  17 ironheart preservers
  3 minotaurs
  The ghost of nht the Severer, a powerful DsWn of Nemelex Xobeh (Lair:3)
  14 yaktaur captains
  2 spriggan air magi (Depths:3)
  A kraken zombie (Coc:4)
  4 deep elf high priests
  10 fire dragons
  Fannar (D:10)
  6 naga warriors
  2 quicksilver dragon skeletons
  5 rakshasas
  5 dancing weapons (Dis:7)
  A ravenous item mimic (Vaults:5)
  4 death cobs
  13 great orbs of eyes
  15 hydras
  A monstrous demonspawn (Depths:1)
  26 ice dragons
  Nessos (Orc:3)
  A ravenous feature mimic (Crypt:3)
  7 alligators
  Erica (D:12)
  5 spectral elves
  12 ogre magi
  14 anacondas
  2 anacondas (shapeshifter)
  A death knight (Crypt:2)
  4 deep troll earth magi
  7 naga sharpshooters
  6 vampire magi
  9 tengu warriors
  9 hell hogs
  5 titan zombies
  19 soul eaters
  4 deep troll shamans
  3 fire crabs
  3 removed MONS_PLAGUE_SHAMBLERs
  14 death yaks
  An iron golem (Geh:7)
  6 spriggan berserkers
  4 titan skeletons
  9 spriggans
  7 shock serpents
  22 sun demons
  23 deep trolls
  8 iron trolls
  7 very ugly things
  3 storm dragon skeletons
  2 wretched stars (Abyss:1)
  135 skeletal warriors
  17 deep elf knights
  5 storm dragon zombies
  63 hell knights
  2 hell beasts
  4 golden dragon zombies
  11 centaur warriors
  An infernal demonspawn (Depths:2)
  A spriggan druid (Swamp:4)
  8 anaconda zombies
  35 ice devils
  5 salamander mystics
  13 flayed ghosts
  A ghost moth zombie (Tar:7)
  7 deep elf summoners
  11 shadow wraiths
  7 shadow demons
  6 unseen horrors
  4 naga ritualists
  2 harpies (Depths:1)
  5 ice statues
  21 ironbrand convokers
  A kraken simulacrum (Hell)
  7 shadow dragon zombies
  7 swamp dragons
  A tengu zombie (Vaults:3)
  13 hill giants
  A sphinx zombie (Crypt:2)
  15 deep elf conjurers
  A lindwurm (Lair:8)
  3 giant orange brains
  6 large abominations
  Joseph (D:10)
  A torturous demonspawn (Depths:1)
  3 shining eyes
  A red wasp (shapeshifter) (Depths:2)
  25 necromancers
  3 iron dragon zombies
  6 fire giant zombies
  6 anaconda skeletons
  5 wolf spiders
  A cyclops (shapeshifter) (Elf:3)
  2 red wasps (Vaults:1)
  2 mana vipers
  21 orc knights
  18 hellions
  15 phantasmal warriors
  2 wizards
  3 spectral humans
  7 stone giant zombies
  4 manticores
  2 shadow dragon skeletons
  2 wolf spider zombies
  9 griffons
  An orc sorcerer (Orc:4)
  A draconian (shapeshifter) (D:14)
  A tengu skeleton (Depths:3)
  7 frost giant zombies
  The ghost of zhaba the Jinx, an experienced SpEn of Dithmenos (D:7)
  4 sixfirhies
  24 elephants
  9 frost giant skeletons
  3 stone giant skeletons
  29 salamanders
  13 moths of wrath
  A moth of wrath (shapeshifter) (Vaults:1)
  9 cyclopes
  10 fire giant skeletons
  A salamander zombie (Geh:4)
  2 iron dragon skeletons
  Maurice (D:13)
  24 black mambas
  13 vault sentinels
  2 human skeletons
  2 spriggan zombies
  14 smoke demons
  2 worldbinders (Abyss:1)
  13 guardian serpents
  9 gargoyles
  5 orange demons
  An item mimic (D:15)
  16 molten gargoyles (Geh:7)
  An alligator snapping turtle zombie (Crypt:2)
  A shock serpent skeleton (Geh:7)
  18 tormentors
  Psyche (Orc:1)
  3 dire elephant skeletons
  13 naga magi
  2 feature mimics
  A death yak zombie (D:15)
  A yellow draconian zombie (Geh:4)
  7 kobold demonologists
  68 yaktaurs
  2 emperor scorpion zombies
  A pale draconian zombie (Zot:5)
  2 ancient zymes (Abyss:1)
  An eye of devastation (Slime:1)
  15 spiny frogs
  3 efreet
  20 freezing wraiths
  2 harpy zombies
  9 hydra zombies
  2 fire drakes
  A jumping spider (shapeshifter) (Vaults:3)
  2 jumping spiders
  A demonic crawler (Zot:5)
  A purple draconian skeleton (Crypt:1)
  A green draconian skeleton (Crypt:1)
  23 red devils
  9 komodo dragons
  9 deep elf priests
  21 iron devils
  A siren zombie (Crypt:2)
  19 blue devils
  A polar bear (shapeshifter) (Depths:2)
  A death drake zombie (Crypt:1)
  7 giant fireflies
  2 guardian mummies
  10 boggarts
  A centaur skeleton (D:14)
  A tengu conjurer (Depths:2)
  A harpy skeleton (Tar:5)
  A merfolk (shapeshifter) (Depths:3)
  3 silent spectres
  27 two-headed ogres
  A catoblepas zombie (Dis:2)
  7 giant leeches
  A hellwing (Abyss:1)
  9 baby alligators
  A red wasp zombie (D:13)
  15 trolls
  6 blink frogs (Lair:4)
  17 ravens
  A catoblepas skeleton (Crypt:1)
  8 ettin zombies
  2 frost giant simulacra (Vaults:3)
  76 slime creatures
  8 hydra skeletons
  5 fire dragon zombies
  9 ice dragon zombies
  A raiju (Abyss:1)
  12 brown oozes
  80 flying skulls
  A tengu simulacrum (Vaults:3)
  20 bog bodies
  A baby alligator (shapeshifter) (Vaults:3)
  A stone giant simulacrum (Vaults:3)
  A spectral orc (Vaults:3)
  6 boulder beetles
  32 wraiths
  6 basilisks
  5 sharks
  17 vampires
  A redback (shapeshifter) (Depths:3)
  A shock serpent simulacrum (Hell)
  10 water elementals
  9 ettin skeletons
  12 redbacks
  6 alligator skeletons
  2 hogs (D:8)
  25 shadows
  2 spriggans (shapeshifter) (Vaults:5)
  7 fire dragon skeletons
  A trapdoor spider (D:15)
  2 ice dragon skeletons
  65 ugly things
  A black mamba skeleton (Tar:7)
  A queen ant zombie (Crypt:2)
  A golden eye (shapeshifter) (Vaults:2)
  6 air elementals (Depths:3)
  6 ynoxinuls
  5 elephant slugs (Lair:8)
  A fire bat (Volcano)
  Eustachio (D:4)
  27 vampire mosquitoes
  11 yaks
  9 wyverns
  13 fire elementals
  2 tarantellas
  A hill giant skeleton (D:14)
  17 humans
  29 deep elf magi
  8 hungry ghosts
  29 deep elf fighters
  20 swamp worms
  14 hippogriffs
  4 chaos spawn
  A golden eye (Slime:6)
  7 neqoxecs
  A hippogriff (shapeshifter) (Depths:2)
  8 wargs
  Edmund (D:4)
  15 wolves
  A centaur simulacrum (D:15)
  6 porcupines
  A spatial vortex (Dis:1)
  13 spiny frog zombies
  36 hell hounds
  35 nagas
  12 small abominations
  12 human zombies
  47 orc warriors
  28 water moccasins
  A dwarf (shapeshifter) (Vaults:4)
  An infernal demonspawn skeleton (Crypt:1)
  2 mottled dragons
  A water moccasin (shapeshifter) (Depths:5)
  A black bear (shapeshifter) (Vaults:1)
  2 manticore zombies
  5 sky beasts
  6 spiny frog skeletons
  A swamp dragon zombie (Geh:7)
  3 snapping turtle zombies
  An alligator simulacrum (Coc:7)
  12 swamp drakes
  A centaur (shapeshifter) (D:14)
  A boring beetle (Lair:8)
  28 necrophages
  7 phantoms
  30 ice beasts
  A lost soul (Crypt:2)
  60 ogres
  3 manticore skeletons
  8 snapping turtle skeletons
  A swamp dragon skeleton (Hell)
  6 big kobolds
  7 brain worms
  16 giant slugs
  10 centaurs
  A fire crab zombie (D:13)
  A giant slug (shapeshifter) (Vaults:1)
  A yaktaur zombie (D:15)
  11 crocodiles
  8 insubstantial wisps (Swamp:3)
  A gnoll sergeant (D:9)
  A cyclops zombie (D:14)
  11 giant frogs
  A deep troll simulacrum (Vaults:5)
  4 scorpions
  7 eyes of draining
  5 killer bees (D:9)
  A manticore simulacrum (D:15)
  11 electric eels
  33 wights
  3 goliath beetles
  A yak skeleton (D:8)
  2 lava snakes (Snake:5)
  A human simulacrum (Vaults:2)
  26 starcursed masses (Abyss:1)
  2 gnoll shamans (D:10)
  11 quasits
  A soldier ant zombie (Crypt:2)
  A black bear zombie (D:7)
  8 iron imps
  41 orc priests
  11 crimson imps
  12 jellies
  2 elf skeletons
  3 elf zombies
  8 hounds
  57 orc wizards
  9 iguanas
  12 big fish
  2 boulder beetle simulacra
  17 orange rats
  12 worker ants
  10 sheep
  2 naga zombies
  A crocodile zombie (Crypt:1)
  2 mottled dragon skeletons (D:15)
  2 naga skeletons
  A dwarf skeleton (Crypt:2)
  Terence (D:2)
  2 mummies
  117 green rats
  16 gnolls
  A steam dragon zombie (D:12)
  A giant mite (Lair:2)
  A scorpion zombie (D:6)
  A steam dragon skeleton (Crypt:1)
  14 white imps
  22 adders
  2 orc skeletons
  16 shadow imps
  18 worms
  13 ufetubi
  A lava snake zombie (Crypt:2)
  2 orc zombies
  An adder zombie (Crypt:1)
  An iguana zombie (D:3)
  A lava snake skeleton (Crypt:1)
  5 giant eyeballs
  10 giant geckos
  4 oozes
  245 orcs
  4 ball pythons
  25 bats
  A bat skeleton (D:4)
  8 giant cockroaches
  24 goblins
  22 hobgoblins
  8 jackals
  33 kobolds
  14 quokkas
  A giant gecko zombie (Crypt:1)
  4 giant newts
  A hobgoblin skeleton (Crypt:1)
  2 jackal zombies
  A kobold skeleton (D:7)
  24 rats
  2 briar patches
  A crawling corpse (Elf:3)
  8 fungi
  3 plants
  A tentacle (Hell)
4229 creatures vanquished.

Vanquished Creatures (collateral kills)
  An orb of fire (Zot:5)
  2 ancient liches
  A curse toe (Zot:4)
  A Killer Klown (Zot:5)
  A golden dragon (Depths:2)
  2 tentacled monstrosities
  A titan (Vaults:5)
  3 Orb Guardians (Zot:5)
  5 acid blobs
  2 storm dragons
  An Executioner (Dis:7)
  3 tentacled starspawn (Abyss:1)
  2 tengu reavers
  2 draconian monks
  A revenant (Crypt:3)
  2 fire giants
  An azure jelly (Slime:6)
  4 vault wardens
  A deep elf sorcerer (Vaults:2)
  A greater naga (Snake:5)
  A frost giant (Vaults:5)
  A reaper (Hell)
  2 stone giants (Vaults:5)
  A war gargoyle (Vaults:5)
  A grey draconian (Zot:3)
  A mottled draconian (Zot:5)
  2 deep elf annihilators
  2 vampire knights
  A yaktaur captain (Vaults:5)
  2 vault guards
  The ghost of BluebellGnoll the Thrower, a powerful OgHu of Okawaru (Lair:2)
  A deep elf high priest (Vaults:5)
  5 ironheart preservers
  2 death oozes (Slime:6)
  2 ogre magi
  A rakshasa (Abyss:1)
  5 naga warriors
  A death cob (Zot:5)
  A great orb of eyes (Vaults:1)
  4 hydras
  An anaconda (Snake:5)
  An alligator (Swamp:5)
  A deep troll earth mage (Vaults:4)
  A shock serpent (Snake:5)
  A naga sharpshooter (Snake:5)
  A thrashing horror (Abyss:1)
  A tengu warrior (D:15)
  A centaur warrior (D:15)
  2 shadow wraiths (Tar:7)
  5 skeletal warriors
  3 hell knights
  2 large abominations (Abyss:1)
  A death drake (Zot:1)
  2 ice devils
  2 deep trolls
  5 deep elf knights (Elf:2)
  An iron troll (Vaults:5)
  2 deep elf summoners
  2 mana vipers
  4 necromancers
  An ironbrand convoker (Vaults:5)
  A hill giant (Orc:4)
  5 deep elf conjurers
  2 phantasmal warriors
  A griffon (D:14)
  A fire giant zombie (Vaults:5)
  A shining eye (Slime:2)
  2 salamanders
  12 elephants
  3 spiny frogs
  2 fire giant skeletons
  2 smoke demons
  A stone giant skeleton (Geh:5)
  4 black mambas
  2 guardian serpents (Snake:5)
  An eye of devastation (Slime:3)
  A vault sentinel (Vaults:5)
  3 naga magi (Snake:5)
  A yaktaur zombie (Vaults:4)
  A dire elephant skeleton (Coc:7)
  2 freezing wraiths
  3 trolls
  11 yaktaurs
  2 hellwings
  4 giant fireflies (Lair:8)
  2 deep elf priests (Elf:2)
  A red devil (Zot:5)
  An ancient zyme (Abyss:1)
  2 blue devils (Coc:7)
  2 fire drakes
  2 jumping spiders
  3 two-headed ogres
  A giant leech (Lair:8)
  A raven (D:15)
  A stone giant simulacrum (Vaults:4)
  10 slime creatures
  A blink frog (Lair:4)
  A baby alligator (Swamp:3)
  A basilisk (Lair:1)
  3 flying skulls
  A boulder beetle (Vaults:2)
  A brown ooze (Slime:6)
  A redback (shapeshifter) (Vaults:5)
  2 redbacks
  A wraith (Dis:4)
  A yak (shapeshifter) (Vaults:1)
  A wyvern (D:9)
  4 yaks
  5 deep elf magi
  A fire bat (Volcano)
  4 wolves (Lair:2)
  A human (shapeshifter) (Vaults:2)
  7 ugly things
  3 golden eyes
  6 deep elf fighters
  A vampire (Tar:7)
  A neqoxec (Abyss:1)
  2 vampire mosquitoes (Vaults:2)
  4 nagas
  2 humans (D:14)
  A chaos spawn (Elf:3)
  A porcupine (Lair:6)
  A sky beast (D:6)
  A swamp worm (Swamp:3)
  9 water moccasins
  An ice beast (D:10)
  2 black bears (Lair:5)
  11 ogres
  5 orc warriors
  A necrophage (D:11)
  A small abomination (Abyss:1)
  2 swamp drakes
  3 crocodiles
  A human skeleton (Vaults:4)
  A centaur (Volcano)
  A brain worm (Abyss:1)
  A giant frog (D:15)
  A giant slug (Lair:2)
  An insubstantial wisp (Swamp:3)
  10 starcursed masses (Abyss:1)
  A jelly (Slime:3)
  3 orc priests (Orc:3)
  An orc wizard (Orc:4)
  3 hounds
  3 human zombies
  An iron imp (Dis:2)
  An orange rat (Elf:2)
  A quasit (Abyss:1)
  4 mummies
  4 green rats (Lair:8)
  2 gnolls (D:10)
  An orange rat skeleton (Hell)
  2 shadow imps
  2 white imps (Coc:7)
  A giant mite (shapeshifter) (Vaults:5)
  2 worms (Lair:8)
  18 orcs
  4 goblins
  An orc skeleton (Tar:7)
  3 crawling corpses
  A plant (Swamp:5)
377 creatures vanquished.

Vanquished Creatures (others)
  14 Executioners
  2 eldritch tentacles
  A draconian scorcher (Zot:4)
  A draconian knight (Zot:3)
  15 balrugs
  A ghost moth (Zot:5)
  23 cacodemons
  7 reapers
  A deep elf death mage (Elf:3)
  2 blizzard demons
  4 green deaths
  A deep elf high priest (Vaults:4)
  A deep troll earth mage (Vaults:4)
  2 hydras (Swamp:5)
  22 soul eaters
  25 sun demons
  A titan zombie (Geh:3)
  A deep elf knight (Elf:2)
  3 titan skeletons (Vaults:5)
  15 ice devils
  3 storm dragon skeletons
  3 swamp dragons (Swamp:5)
  2 golden dragon skeletons (Vaults:5)
  A wolf spider zombie (Geh:4)
  26 sixfirhies
  A frost giant skeleton (Vaults:5)
  4 stone giant skeletons (Vaults:5)
  2 human skeletons
  18 smoke demons
  A guardian serpent (Snake:5)
  A red devil (Crypt:3)
  A hydra zombie (Hell)
  2 hydra skeletons (Swamp:5)
  3 flying skulls
  An air elemental (D:2)
  2 two-headed ogres (Volcano)
  4 ynoxinuls
  4 ice dragon skeletons
  2 water elementals
  An ettin skeleton (Vaults:5)
  A wraith (Dis:7)
  A deep elf mage (Vaults:2)
  A wyvern (D:14)
  A vampire (Geh:1)
  A chaos spawn (Elf:3)
  7 neqoxecs
  3 human zombies (Hell)
  A spiny frog zombie (Hell)
  A naga (Snake:5)
  A swamp drake (Swamp:5)
  A necrophage (Geh:3)
  2 ogres
  2 deep elf fighters
  A swamp dragon skeleton (Swamp:5)
  9 lost souls
  A wight (Geh:1)
  8 crimson imps
  An orc priest (Vaults:1)
  13 quasits
  6 bog body skeletons (Swamp:5)
  14 iron imps
  An orc wizard (Orc:4)
  3 orange rats (Hell)
  2 orange rat zombies (Hell)
  A gnoll (D:10)
  2 swamp drake skeletons (Swamp:5)
  20 white imps
  27 ufetubi
  An orc (Orc:1)
  A crawling corpse (Elf:2)
  134 eldritch tentacle segments
  4 fungi
  A plant (Swamp:3)
  4 starspawn tentacles (Abyss:1)
  15 starspawn tentacle segments (Abyss:1)
  3 tentacles (Hell)
  20 tentacle segments (Hell)
  18 toadstools (D:5)
557 creatures vanquished.

Grand Total: 5163 creatures vanquished

Notes
Turn   | Place    | Note
--------------------------------------------------------------
     0 | D:1      | Gruud, the Demonspawn Transmuter, began the quest for the Orb.
     0 | D:1      | Reached XP level 1. HP: 15/15 MP: 3/3
    35 | D:1      | Reached skill level 3 in Unarmed Combat
   153 | D:1      | Gained mutation: A weak demonic guardian rushes to your aid. [demonic ancestry]
   153 | D:1      | Reached XP level 2. HP: 11/21 MP: 4/4
   770 | D:1      | Gained mutation: You have sharp fingernails. [demonic ancestry]
   770 | D:1      | Reached XP level 3. HP: 18/26 MP: 6/6
  1039 | D:2      | Learned a level 3 spell: Spider Form
  1078 | D:3      | Reached skill level 4 in Unarmed Combat
  1392 | D:2      | Noticed Terence
  1404 | D:2      | Killed Terence
  1404 | D:2      | Gained mutation: You have very sharp fingernails. [demonic ancestry]
  1404 | D:2      | Reached XP level 4. HP: 23/32 MP: 5/7
  1439 | D:2      | Found an iron altar of Okawaru.
  2320 | D:3      | Reached XP level 5. HP: 16/37 MP: 6/9
  2910 | D:4      | Noticed a phantom
  2937 | D:4      | Killed a phantom
  2937 | D:4      | Reached skill level 5 in Unarmed Combat
  3351 | D:4      | Reached XP level 6. HP: 26/43 MP: 3/10
  3456 | D:5      | Entered Level 5 of the Dungeon
  3565 | D:4      | Paralysed by a giant eyeball for 3 turns
  3662 | D:4      | Noticed Edmund
  3689 | D:4      | Killed Edmund
  3689 | D:4      | Reached skill level 6 in Unarmed Combat
  3931 | D:4      | Noticed Eustachio
  3952 | D:4      | Killed Eustachio
  3952 | D:4      | Gained mutation: You have a somewhat thin skeletal structure (Dex +2, Stealth). [demonic ancestry]
  3952 | D:4      | Reached XP level 7. HP: 29/48 MP: 7/12
  4530 | D:5      | Found a staircase to the Ecumenical Temple.
  4536 | Temple   | Entered the Ecumenical Temple
  4545 | Temple   | Became a worshipper of Makhleb the Destroyer
  4634 | D:5      | Found a blossoming altar of Fedhas.
  4646 | D:5      | Noticed an oklob plant
  4695 | D:6      | Reached skill level 7 in Unarmed Combat
  4751 | D:6      | Reached skill level 1 in Invocations
  5056 | D:6      | Reached XP level 8. HP: 54/54 MP: 13/13
  5197 | D:6      | Acquired Makhleb's first power
  5212 | D:6      | Found Ediucuwk's Antique Weapon Boutique.
  5239 | D:6      | Reached skill level 8 in Unarmed Combat
  5549 | D:7      | Found Mnuafruva's Antique Weapon Emporium.
  5849 | D:7      | Acquired Makhleb's second power
  5858 | D:7      | Found Mnaq Watudu's Armour Shop.
  5867 | D:7      | Noticed zhaba's ghost (experienced SpEn)
  5885 | D:7      | Killed zhaba's ghost
  5885 | D:7      | Reached skill level 9 in Unarmed Combat
  5886 | D:7      | Bought a +0 pair of boots for 67 gold pieces
  6355 | D:7      | Found Zaiwuw's Gadget Shop.
  6376 | D:7      | Found Geah's Book Emporium.
  6410 | D:7      | Gained mutation: You have claws for hands. [demonic ancestry]
  6410 | D:7      | Reached XP level 9. HP: 57/59 MP: 13/15
  6428 | D:7      | Found a glowing silver altar of Zin.
  6655 | D:7      | Found an ancient bone altar of Kikubaaqudgha.
  6656 | D:7      | Found a radiant altar of Vehumet.
  6706 | D:7      | Reached skill level 5 in Dodging
  6918 | D:8      | Acquired Makhleb's third power
  6992 | D:8      | Reached skill level 10 in Unarmed Combat
  7161 | D:8      | Acquired Makhleb's fourth power
  7194 | D:8      | Found a staircase to the Lair.
  7196 | D:8      | Noticed a fire drake
  7477 | D:8      | Reached skill level 11 in Unarmed Combat
  7674 | D:9      | Gained mutation: You have a moderately thin skeletal structure (Dex +4, Stealth+). [demonic ancestry]
  7674 | D:9      | Reached XP level 10. HP: 41/65 MP: 10/17
  7792 | D:9      | Found a staircase to the Lair.
  7878 | D:9      | Acquired Makhleb's fifth power
  8044 | D:9      | Paralysed by a giant eyeball for 2 turns
  8056 | D:9      | Paralysed by a giant eyeball for 4 turns
  8157 | D:10     | Entered Level 10 of the Dungeon
  8203 | D:9      | Noticed Erolcha
  8391 | D:10     | Noticed Fannar
  8446 | D:10     | Killed Fannar
  8446 | D:10     | Reached skill level 5 in Transmutations
  9330 | D:10     | Noticed Joseph
  9354 | D:10     | Killed Joseph
  9354 | D:10     | Reached XP level 11. HP: 62/70 MP: 11/18
  9813 | D:11     | Found a staircase to the Orcish Mines.
  9813 | D:11     | Paralysed by a giant eyeball for 3 turns
 10107 | D:11     | Learned a level 1 spell: Summon Butterflies
 10115 | D:11     | Learned a level 4 spell: Ice Form
 10574 | D:7      | Bought a book of Transfigurations for 550 gold pieces
 10578 | D:7      | Learned a level 2 spell: Stoneskin
 10730 | D:12     | Noticed an eight-headed hydra
 10863 | D:12     | Noticed Erica
 10871 | D:12     | Reached skill level 1 in Earth Magic
 10875 | D:12     | Killed Erica
 11348 | D:12     | Noticed a hill giant
 11412 | D:12     | Killed a hill giant
 11412 | D:12     | Reached skill level 5 in Earth Magic
 11717 | D:12     | Noticed a hill giant
 11795 | D:12     | Killed a hill giant
 12032 | D:13     | Noticed a rakshasa
 12217 | Lair:1   | Entered Level 1 of the Lair of Beasts
 12371 | Lair:1   | Learned a level 2 spell: Swiftness
 12525 | Lair:1   | Gained mutation: A demonic guardian rushes to your aid. [demonic ancestry]
 12525 | Lair:1   | Reached XP level 12. HP: 52/76 MP: 6/19
 13193 | Lair:2   | Found a snail-covered altar of Cheibriados.
 13515 | Lair:2   | Noticed BluebellGnoll's ghost (powerful OgHu)
 13535 | Lair:2   | Killed BluebellGnoll's ghost
 13925 | Lair:2   | Reached skill level 10 in Earth Magic
 14516 | Lair:3   | Learned a level 2 spell: Repel Missiles
 14596 | Lair:3   | Noticed nht's ghost (powerful DsWn)
 14614 | Lair:3   | Killed nht's ghost
 14741 | Lair:3   | Noticed a five-headed hydra
 14985 | Lair:3   | Killed an eight-headed hydra
 15118 | Lair:3   | Noticed a six-headed hydra
 15125 | Lair:3   | Killed a six-headed hydra
 15125 | Lair:3   | Reached XP level 13. HP: 77/81 MP: 21/21
 15398 | Lair:4   | Reached skill level 12 in Unarmed Combat
 15409 | Lair:4   | Learned a level 3 spell: Flight
 15420 | Lair:4   | Found a frozen archway.
 15578 | IceCv    | Entered an ice cave
 16848 | Lair:4   | Found a staircase to the Snake Pit.
 17079 | Lair:4   | Found a staircase to the Swamp.
 17115 | Lair:4   | the staircase to the Swamp was a mimic.
 17453 | Lair:5   | Found a dark tunnel.
 17482 | Volcano  | Entered a volcano
 17518 | Volcano  | Reached skill level 13 in Unarmed Combat
 17693 | Lair:5   | Learned a level 6 spell: Statue Form
 18338 | Lair:5   | Found a staircase to the Swamp.
 19007 | Lair:6   | Found a staircase to the Slime Pits.
 19637 | Lair:8   | Entered Level 8 of the Lair of Beasts
 19702 | Lair:8   | Noticed Rupert
 19711 | Lair:8   | Paralysed by Rupert for 6 turns
 19719 | Lair:8   | Killed Rupert
 19820 | Lair:8   | Reached XP level 14. HP: 86/88 MP: 14/25
 20148 | Lair:8   | Reached skill level 14 in Unarmed Combat
 20269 | Lair:8   | Identified a scroll of acquirement
 20934 | Lair:8   | Upgraded the game from 0.15-a0-481-g5350d32 to 0.15-a0-672-g38fd0bf
 21230 | Orc:1    | Entered Level 1 of the Orcish Mines
 21740 | Orc:1    | Noticed Psyche
 21750 | Orc:1    | Killed Psyche
 22071 | Orc:2    | Found Acira's Weapon Shop.
 22510 | Orc:2    | Found a roughly hewn altar of Beogh.
 23013 | Orc:3    | Noticed Donald
 23036 | Orc:3    | Killed Donald
 23122 | Orc:3    | Noticed Nessos
 23177 | Orc:3    | Killed Nessos
 23209 | Orc:3    | Noticed an orc warlord
 23268 | Orc:3    | Killed an orc warlord
 23586 | Orc:3    | You fall through a shaft!
 23586 | Orc:4    | Entered Level 4 of the Orcish Mines
 23759 | Orc:4    | Found Kavato's General Store.
 23804 | Orc:4    | Reached skill level 15 in Unarmed Combat
 23910 | Orc:4    | Found Eraut's Antique Armour Emporium.
 23921 | Orc:4    | Found Twuhymn's Food Shop.
 24212 | Orc:4    | Learned a level 1 spell: Confusing Touch
 24222 | Orc:4    | Upgraded the game from 0.15-a0-672-g38fd0bf to 0.15-a0-674-g7948ca6
 24325 | Orc:4    | Found Stiwny's Magic Scroll Shop.
 24333 | Orc:4    | Bought a scroll of amnesia for 56 gold pieces
 24341 | Orc:4    | Learned a level 4 spell: Petrify
 24372 | Orc:4    | Found a roughly hewn altar of Beogh.
 24474 | Orc:4    | Found a staircase to the Elven Halls.
 24484 | Orc:4    | Found Unebeju's Gadget Emporium.
 24657 | Elf:1    | Entered Level 1 of the Elven Halls
 24789 | Elf:1    | Got a wavering granite ring
 24791 | Elf:1    | Identified the ring "fgsfds" {+Fly rF+ SInv} (You found it on level 1 of the Elven Halls)
 25052 | Elf:1    | Reached XP level 15. HP: 93/93 MP: 20/26
 25418 | Elf:3    | Entered Level 3 of the Elven Halls
 26185 | D:12     | Noticed an unseen horror
 26189 | D:12     | Killed an eight-headed hydra
 26198 | D:12     | Killed an unseen horror
 26285 | D:13     | Noticed Maurice
 26285 | D:13     | Noticed a centaur warrior
 26298 | D:13     | Killed a centaur warrior
 26305 | D:13     | Killed Maurice
 26444 | D:13     | Killed a rakshasa
 26444 | D:13     | Reached skill level 15 in Earth Magic
 26594 | D:13     | Reached skill level 10 in Dodging
 26621 | D:13     | Noticed a tengu warrior
 26629 | D:13     | Noticed a hill giant
 26636 | D:13     | Killed a hill giant
 26646 | D:13     | Killed a tengu warrior
 26702 | D:13     | Reached skill level 5 in Invocations
 26719 | D:13     | Noticed a centaur warrior
 26738 | D:13     | Killed a centaur warrior
 26739 | D:13     | Noticed a centaur warrior
 26751 | D:13     | Killed a centaur warrior
 26845 | D:13     | Noticed a hill giant
 26849 | D:13     | Killed a hill giant
 26852 | D:13     | Noticed an unseen horror
 26859 | D:13     | Killed an unseen horror
 26862 | D:13     | Noticed a hill giant
 26863 | D:13     | Noticed a hill giant
 26868 | D:13     | Killed a hill giant
 26874 | D:13     | Killed a hill giant
 27058 | D:13     | Noticed a centaur warrior
 27069 | D:13     | Killed a centaur warrior
 27275 | D:14     | Found a flagged portal.
 27388 | Bailey   | Entered a bailey
 28307 | D:14     | Gained mutation: You can steal the life force of nearby defeated enemies. [demonic ancestry]
 28307 | D:14     | Reached XP level 16. HP: 99/99 MP: 27/29
 28618 | D:14     | Reached skill level 10 in Invocations
 28657 | D:14     | Found a gate to the Vaults.
 28667 | D:14     | Reached skill level 5 in Spellcasting
 28746 | D:15     | Entered Level 15 of the Dungeon
 28983 | D:15     | Found a staircase to the Depths.
 29155 | D:15     | Reached skill level 5 in Fighting
 29206 | D:15     | Learned a level 4 spell: Control Teleport
 29214 | D:15     | Found a shimmering altar of Xom.
 29214 | D:15     | Found a shimmering altar of Xom.
 29214 | D:15     | Found a shimmering altar of Xom.
 29214 | D:15     | Found a shimmering altar of Xom.
 29214 | D:15     | Found a shimmering altar of Xom.
 29215 | D:15     | Found a shimmering altar of Xom.
 29221 | D:15     | Found a shimmering altar of Xom.
 29666 | D:15     | Upgraded the game from 0.15-a0-674-g7948ca6 to 0.15-a0-717-ga3c592f
 29906 | Snake:1  | Entered Level 1 of the Snake Pit
 29952 | Snake:1  | Noticed Asterion
 29953 | Snake:1  | Noticed a spectral weapon
 29959 | Snake:1  | Killed Asterion
 30074 | Snake:1  | Noticed Aizul
 30086 | Snake:1  | Killed Aizul
 31627 | Snake:4  | Found Hishrikh's Book Shop.
 31637 | Snake:4  | Bought a book of Cantrips for 340 gold pieces
 31678 | Snake:4  | Gained mutation: You can steal the life force of defeated enemies. [demonic ancestry]
 31678 | Snake:4  | Reached XP level 17. HP: 126/126 MP: 11/32
 31934 | Snake:5  | Entered Level 5 of the Snake Pit
 31943 | Snake:5  | Learned a level 7 spell: Controlled Blink
 32232 | Snake:5  | Reached skill level 10 in Fighting
 33164 | Snake:5  | Got a serpentine rune of Zot
 33473 | Lair:4   | Upgraded the game from 0.15-a0-717-ga3c592f to 0.15-a0-734-g2b8d6ef
 33550 | Swamp:1  | Entered Level 1 of the Swamp
 33636 | Swamp:1  | Noticed Agnes
 33653 | Swamp:1  | Killed Agnes
 33748 | Swamp:1  | Noticed Louise
 33816 | Swamp:1  | Cast into the Abyss (Louise)
 34108 | Abyss:1  | Found a blossoming altar of Fedhas.
 34533 | Abyss:1  | Gained mutation: Your magical capacity is very low (-20% MP). [a neqoxec]
 34545 | Abyss:1  | Reached XP level 18. HP: 120/126 MP: 26/30
 34600 | Abyss:1  | Paralysed by accursed screaming for 1 turns
 34690 | Abyss:1  | Found a corrupted altar of Lugonu.
 34746 | Abyss:1  | Noticed a tentacled monstrosity
 34753 | Abyss:1  | Killed a tentacled monstrosity
 34773 | Swamp:1  | Escaped the Abyss
 34775 | Swamp:1  | Killed Louise
 34775 | Swamp:1  | Reached skill level 16 in Unarmed Combat
 34779 | Swamp:1  | Noticed Nikola
 34789 | Swamp:1  | Killed Nikola
 34811 | Swamp:1  | Identified a +0 cloak of preservation (You took it off Nikola on level 1 of the Swamp)
 35656 | Swamp:3  | Noticed Mara
 36380 | Swamp:4  | Noticed casual's ghost (mighty GrFi)
 36404 | Swamp:4  | Noticed Snorg
 36405 | Swamp:4  | Killed casual's ghost
 36416 | Swamp:4  | Killed Snorg
 36571 | Swamp:4  | Learned a level 1 spell: Animate Skeleton
 36575 | Swamp:4  | Learned a level 3 spell: Regeneration
 36588 | Swamp:5  | Entered Level 5 of the Swamp
 36617 | Swamp:5  | Reached skill level 17 in Unarmed Combat
 36848 | Swamp:5  | Noticed the 27-headed Lernaean hydra
 36868 | Swamp:5  | Killed the 27-headed Lernaean hydra
 36874 | Swamp:5  | Got a decaying rune of Zot
 37358 | Vaults:1 | Entered Level 1 of the Vaults
 37508 | Vaults:1 | Gained mutation: You can steal the life force of all defeated enemies in sight. [demonic ancestry]
 37508 | Vaults:1 | Reached XP level 19. HP: 147/147 MP: 5/31
 37774 | Vaults:1 | Paralysed by a red wasp for 4 turns
 37824 | Vaults:1 | Reached skill level 18 in Unarmed Combat
 37972 | Vaults:1 | Paralysed by a great orb of eyes for 2 turns
 38148 | Vaults:1 | Found a flickering gateway to a bazaar.
 38154 | Bazaar   | Entered a bazaar
 38161 | Bazaar   | Found Tyagydophe's Armour Shoppe.
 38168 | Bazaar   | Found Smuasiq's General Store.
 38173 | Bazaar   | Found Ikattepp's Food Emporium.
 38211 | Bazaar   | Found Gysunt's Book Boutique.
 38218 | Bazaar   | Bought a book of Enchantments for 350 gold pieces
 38249 | Bazaar   | Bought a scroll of magic mapping for 49 gold pieces
 38249 | Bazaar   | Bought a bread ration for 61 gold pieces
 38249 | Bazaar   | Bought a scroll of identify for 28 gold pieces
 38249 | Bazaar   | Bought a scroll of remove curse for 42 gold pieces
 38258 | Bazaar   | Bought a choko for 4 gold pieces
 38258 | Bazaar   | Bought a pear for 4 gold pieces
 38258 | Bazaar   | Bought a cheese for 8 gold pieces
 38258 | Bazaar   | Bought a choko for 4 gold pieces
 38258 | Bazaar   | Bought an apple for 4 gold pieces
 38287 | Bazaar   | Upgraded the game from 0.15-a0-734-g2b8d6ef to 0.15-a0-756-g319e367
 38997 | Vaults:1 | Identified the Disquisition on Self-Improvement (You found it on level 1 of the Vaults)
 39344 | Vaults:2 | Reached skill level 10 in Spellcasting
 39507 | Vaults:1 | Learned a level 2 spell: Blink
 39999 | Vaults:2 | Reached skill level 19 in Unarmed Combat
 40438 | Vaults:2 | Reached XP level 20. HP: 156/156 MP: 26/32
 40754 | Vaults:2 | Found a staircase to the Crypt.
 41039 | Vaults:3 | Noticed Norris
 41042 | Vaults:3 | Paralysed by Norris for 4 turns
 41053 | Vaults:3 | Killed Norris
 41711 | Vaults:3 | Found a staircase to the Hall of Blades.
 42102 | Vaults:3 | Reached skill level 1 in Charms
 42122 | Vaults:3 | Found a portal to a secret trove of treasure.
 42930 | Vaults:4 | Reached skill level 5 in Charms
 43740 | Vaults:4 | Gained mutation: A powerful demonic guardian rushes to your aid. [demonic ancestry]
 43740 | Vaults:4 | Reached XP level 21. HP: 164/164 MP: 33/33
 43983 | Vaults:5 | Entered Level 5 of the Vaults
 44251 | Vaults:5 | Reached skill level 10 in Charms
 44266 | Vaults:5 | Noticed an ancient lich
 44282 | Vaults:5 | Killed an ancient lich
 44428 | Vaults:5 | Got a vibrating jade amulet
 44429 | Vaults:5 | Identified the amulet of the Final Chapter {Faith +Inv +Fly} (You found it on level 5 of the Vaults)
 44486 | Vaults:5 | Learned a level 6 spell: Haste
 44825 | Vaults:5 | Learned a level 1 spell: Apportation
 45101 | Vaults:5 | Reached XP level 22. HP: 171/171 MP: 21/35
 45109 | Vaults:5 | Noticed an ancient lich
 45112 | Vaults:5 | Paralysed by an ancient lich for 5 turns
 45396 | Vaults:5 | Identified a +0 rod of inaccuracy (13/13) (You found it on level 5 of the Vaults)
 45508 | Vaults:5 | Identified the Almanac of the Traveller
 45516 | Vaults:5 | Got a silver rune of Zot
 45528 | Vaults:5 | Identified the Grimoire of Harmful Beguiling
 45659 | Vaults:5 | Got an ancient storm dragon armour
 45675 | Vaults:5 | Identified the cursed +5 storm dragon armour of Generosity {rElec Str+2 Int+3} (You found it on level 5 of the Vaults)
 45751 | Vaults:5 | Gained mutation: You are frail (-10% HP). [a cacodemon]
 45753 | Vaults:5 | Killed an ancient lich
 46664 | Orc:4    | Bought a scroll of enchant weapon II for 88 gold pieces
 46664 | Orc:4    | Bought a scroll of enchant weapon II for 88 gold pieces
 46760 | Elf:2    | Found Schonadi's Distillery.
 47222 | Elf:3    | Found a glowing silver altar of Zin.
 47293 | Elf:3    | Found a deep blue altar of Sif Muna.
 47310 | Elf:3    | Found Kieg's Weapon Shoppe.
 47577 | Elf:3    | Noticed a deep elf blademaster
 47584 | Elf:3    | Noticed a deep elf blademaster
 47612 | Elf:3    | Killed a deep elf blademaster
 47623 | Elf:3    | Killed a deep elf blademaster
 47657 | Elf:3    | Noticed a deep elf master archer
 48008 | Elf:3    | Noticed a deep elf master archer
 48028 | Elf:3    | Killed a deep elf master archer
 48043 | Elf:3    | Got a warped bronze ring
 48050 | Elf:3    | Identified the cursed ring "Smegruc" {+Blink rPois rF+ rC+} (You took it off a deep elf fighter on level 3 of the Elven Halls)
 48055 | Elf:3    | Got a fine copper amulet
 48057 | Elf:3    | Identified the amulet of Qazlal's Scorn {rCorr rC+} (You took it off a deep elf high priest on level 3 of the Elven Halls)
 48094 | Elf:3    | Got a crude silver amulet
 48102 | Elf:3    | Identified the amulet "Viyne" {Gourm rF++ Dex+2 Int+1 Stlth+} (You took it off a deep elf knight on level 3 of the Elven Halls)
 48154 | Elf:3    | Got a transparent jade amulet
 48196 | Elf:3    | Identified the Guide on the Damaging Escort
 48352 | Elf:3    | Identified the amulet "Zarudd" {Faith MR+} (You took it off a deep elf annihilator on level 3 of the Elven Halls)
 48969 | Vaults:3 | You paid a toll of a +5,+5 demon blade to enter a treasure trove
 48970 | Trove    | Entered a treasure trove
 48976 | Trove    | Boots and Helmet - jackpot
 48987 | Trove    | Got a pair of bloodstained boots
 48991 | Trove    | Identified the -4 pair of boots of Anuy {Int+2} (You found it in a treasure trove)
 48997 | Trove    | Got a pair of brightly glowing boots
 49000 | Trove    | Identified the +0 pair of boots of Ontuxe {rElec Stlth++} (You found it in a treasure trove)
 49003 | Trove    | Got a tattered robe
 49011 | Trove    | Identified the +0 robe of Zin's Indignation {rF+ rC+ Str+3} (You found it in a treasure trove)
 49037 | Trove    | Got a fine large shield
 49046 | Trove    | Identified the +1 large shield of the Clouds {MR++} (You found it in a treasure trove)
 49057 | Trove    | Got a bronze mottled dragon armour
 49069 | Trove    | Identified the +3 mottled dragon armour of the Barber Surgeon {rElec rF+ Acc+4} (You found it in a treasure trove)
 49071 | Trove    | Got a faintly glowing helmet
 49074 | Trove    | Identified the +0 helmet of Codailirph {+Fly} (You found it in a treasure trove)
 49240 | Vaults:3 | Learned a level 5 spell: Phase Shift
 49240 | Vaults:3 | Upgraded the game from 0.15-a0-756-g319e367 to 0.15-a0-773-g3a4c672
 49326 | Crypt:1  | Entered Level 1 of the Crypt
 49428 | Crypt:1  | Reached skill level 1 in Translocations
 49636 | Crypt:1  | Identified Sif Muna's Incunabulum of Air and Transformation
 49921 | Crypt:2  | Gained mutation: Your flesh is cold resistant. [demonic ancestry]
 49921 | Crypt:2  | Reached XP level 23. HP: 160/160 MP: 19/36
 50569 | Crypt:3  | Entered Level 3 of the Crypt
 51098 | Crypt:3  | Reached skill level 5 in Translocations
 51103 | Crypt:3  | Got a sparkling wooden ring
 51103 | Crypt:3  | Got a wavering bronze ring
 51103 | Crypt:3  | Got a shimmering glass ring
 51111 | Crypt:3  | Identified the ring "Chianwar" {Contam rN+} (You found it on level 3 of the Crypt)
 51112 | Crypt:3  | ... ID artefact rings too...
 51115 | Crypt:3  | Identified the ring of Bodily Harmony {-Tele rN+ Int+2 Dam-2} (You found it on level 3 of the Crypt)
 51116 | Crypt:3  | Identified the ring of Anarchy {rN+ Str+3 Dex+3 Int-2} (You found it on level 3 of the Crypt)
 51180 | Crypt:3  | Gained mutation: Space occasionally distorts in your vicinity. [mutagenic glow]
 51182 | Crypt:3  | Lost mutation: Your magical capacity is low (-10% MP). [potion of cure mutation]
 51182 | Crypt:3  | Lost mutation: You are frail (-10% HP). [potion of cure mutation]
 51182 | Crypt:3  | Lost mutation: Space occasionally distorts in your vicinity. [potion of cure mutation]
 51432 | Crypt:3  | Found a staircase to the Tomb.
 51519 | Crypt:3  | Reached skill level 15 in Fighting
 52257 | Crypt:3  | Found an ancient bone altar of Kikubaaqudgha.
 52258 | Crypt:3  | Noticed an ancient lich
 52266 | Crypt:3  | Killed an ancient lich
 52294 | Crypt:3  | Noticed an ancient lich
 52304 | Crypt:3  | Killed an ancient lich
 52643 | Depths:1 | Entered Level 1 of the Depths
 52929 | Depths:1 | Found a one-way gate to the infinite horrors of the Abyss.
 53300 | Depths:1 | Found a gateway to Hell.
 53591 | Depths:2 | Gained mutation: You have an unnaturally thin skeletal structure (Dex +6, Stealth++). [demonic ancestry]
 53591 | Depths:2 | Reached XP level 24. HP: 193/193 MP: 31/41
 53661 | Depths:2 | Found a one-way gate leading to the halls of Pandemonium.
 53964 | Depths:2 | Reached skill level 10 in Translocations
 54716 | Depths:3 | Found a gateway to a ziggurat.
 54725 | Depths:3 | Found a stormy altar of Qazlal.
 55440 | Depths:3 | Noticed an ancient lich
 55450 | Depths:3 | Killed an ancient lich
 55675 | Depths:4 | Found Smeumit's Antique Weapon Shop.
 55981 | Depths:4 | Reached skill level 20 in Unarmed Combat
 56118 | Depths:4 | Found Bedeurar's Distillery.
 56344 | Depths:4 | Got a slimy silver ring
 56346 | Depths:4 | Identified the ring "Xotaf" {Dex+5 Acc+2 Dam+6} (You found it on level 4 of the Depths)
 56387 | Depths:4 | Found Frujapel's Armour Shoppe.
 56438 | Depths:5 | Entered Level 5 of the Depths
 56828 | Depths:5 | Found a gate to the Realm of Zot.
 56837 | Depths:5 | Gained mutation: You are very good at protecting items from cold. [demonic ancestry]
 56837 | Depths:5 | Reached XP level 25. HP: 204/204 MP: 38/41
 56968 | Depths:5 | Paralysed by a vampire knight for 3 turns
 58776 | Slime:1  | Entered Level 1 of the Pits of Slime
 58789 | Slime:1  | Reached skill level 1 in Shields
 58857 | Slime:2  | Gained mutation: Potions and wands are less effective at restoring your health. [a shining eye]
 59035 | Slime:3  | Reached skill level 5 in Shields
 59121 | Slime:6  | Entered Level 6 of the Pits of Slime
 59165 | Slime:6  | Found a viscous altar of Jiyva.
 59234 | Slime:6  | Noticed the royal jelly
 59244 | Slime:6  | Killed the royal jelly
 59296 | Slime:6  | Got a wavering lead ring
 59298 | Slime:6  | Got a slimy rune of Zot
 59300 | Slime:6  | Got a slimy bronze ring
 59309 | Slime:6  | Identified the cursed ring "Neerauh" {rC++ Int-2} (You found it on level 6 of the Pits of Slime)
 59310 | Slime:6  | Identified the ring "Kiasirr" {+Inv rPois rF+} (You found it on level 6 of the Pits of Slime)
 59601 | Lair:5   | Upgraded the game from 0.15-a0-773-g3a4c672 to 0.15-a0-834-gd31242b
 60051 | Zot:1    | Entered Level 1 of the Realm of Zot
 60106 | Zot:1    | Reached skill level 15 in Translocations
 60366 | Zot:1    | Learned a level 6 spell: Dispersal
 60458 | Zot:1    | Reached XP level 26. HP: 211/211 MP: 32/42
 60769 | Zot:2    | Noticed an orb of fire
 60783 | Zot:2    | Killed an orb of fire
 61966 | Zot:3    | Identified a +1 cloak of preservation (You took it off a red draconian on level 3 of the Realm of Zot)
 62248 | Zot:4    | Reached skill level 15 in Dodging
 62277 | Zot:5    | Entered Level 5 of the Realm of Zot
 63368 | Zot:5    | Noticed an ancient lich
 63377 | Zot:5    | Noticed an orb of fire
 63381 | Zot:5    | Killed an ancient lich
 63387 | Zot:5    | Killed an orb of fire
 63388 | Zot:5    | Gained mutation: A frigid envelope surrounds you and freezes all who hurt you. [demonic ancestry]
 63388 | Zot:5    | Reached XP level 27. HP: 189/217 MP: 35/42
 63481 | Zot:5    | Noticed an ancient lich
 63491 | Zot:5    | Killed an ancient lich
 63654 | Zot:5    | Noticed an ancient lich
 63680 | Zot:5    | Killed an ancient lich
 63692 | Zot:5    | Noticed an orb of fire
 63703 | Zot:5    | Killed an orb of fire
 63977 | Zot:5    | Noticed an ancient lich
 63986 | Zot:5    | Killed an ancient lich
 64073 | Zot:5    | Lost mutation: Potions and wands are less effective at restoring your health. [potion of cure mutation]
 64074 | Zot:5    | Gained mutation: You can spit poison. [potion of beneficial mutation]
 64230 | Hell     | Entered the Vestibule of Hell
 64230 | Hell     | Noticed Geryon
 64240 | Hell     | Killed Geryon
 64459 | Hell     | Found a gateway to the Iron City of Dis.
 64482 | Dis:1    | Entered Level 1 of the Iron City of Dis
 65596 | Dis:7    | Entered Level 7 of the Iron City of Dis
 66368 | Dis:7    | Noticed Dispater
 66389 | Dis:7    | Killed Dispater
 66420 | Dis:7    | Got an iron rune of Zot
 66690 | Hell     | Upgraded the game from 0.15-a0-834-gd31242b to 0.15-a0-861-g2f358d9
 66709 | Hell     | Found a gateway to the decaying netherworld of Tartarus.
 66719 | Tar:1    | Entered Level 1 of Tartarus
 67496 | Tar:7    | Entered Level 7 of Tartarus
 67576 | Tar:7    | Reached skill level 15 in Spellcasting
 67718 | Tar:7    | Reached skill level 21 in Unarmed Combat
 69106 | Tar:7    | Noticed Ereshkigal
 69126 | Tar:7    | Killed Ereshkigal
 69154 | Tar:7    | Got a bone rune of Zot
 70106 | Hell     | Upgraded the game from 0.15-a0-861-g2f358d9 to 0.15-a0-877-g2926600
 70180 | Hell     | Found a gateway to the freezing wastes of Cocytus.
 70218 | Hell     | Learned a level 8 spell: Disjunction
 70282 | Coc:1    | Entered Level 1 of Cocytus
 70781 | Coc:7    | Entered Level 7 of Cocytus
 70872 | Coc:7    | Reached skill level 22 in Unarmed Combat
 71572 | Coc:7    | Noticed Antaeus
 71599 | Coc:7    | Killed Antaeus
 71629 | Coc:7    | Got an icy rune of Zot
 71643 | Coc:7    | Identified Iwnyrir's Handbook of Hexes and Protection
 71693 | Hell     | Found a gateway to the ashen valley of Gehenna.
 71712 | Hell     | Upgraded the game from 0.15-a0-877-g2926600 to 0.15-a0-895-g19c7863
 71749 | Geh:1    | Entered Level 1 of Gehenna
 72663 | Geh:5    | Reached skill level 23 in Unarmed Combat
 72877 | Geh:7    | Entered Level 7 of Gehenna
 73298 | Geh:7    | Noticed the Serpent of Hell
 73307 | Geh:7    | Killed the Serpent of Hell
 73463 | Geh:7    | Got a glittering crystal amulet
 73489 | Geh:7    | Identified the amulet of Entrepreneurial Spirit {Gourm rPois Stlth--} (You found it on level 7 of Gehenna)
 73575 | Geh:7    | Noticed Asmodeus
 73604 | Geh:7    | Killed Asmodeus
 73611 | Geh:7    | Got an obsidian rune of Zot
 73625 | Hell     | Upgraded the game from 0.15-a0-895-g19c7863 to 0.15-a0-910-gf78ccf3
 74054 | Zot:5    | Got the Orb of Zot
 74077 | Zot:5    | Noticed Bophavul the pandemonium lord
 74707 | D:3      | Noticed Gaihyepoq the pandemonium lord
 74746 | D:2      | Noticed Truxew the pandemonium lord
 74751 | D:2      | Killed Truxew the pandemonium lord
 74776 | D:$      | Escaped with the Orb!

Action                   |  1- 3 |  4- 6 |  7- 9 | 10-12 | 13-15 | 16-18 | 19-21 | 22-24 | 25-27 || total
-------------------------+-------+-------+-------+-------+-------+-------+-------+-------+-------++-------
Melee: Unarmed           |   155 |   269 |   497 |   991 |  2611 |  1690 |  1418 |  1636 |  4006 || 13273
 Fire: Blowgun           |       |       |       |    22 |     3 |       |       |       |       ||    25
Throw: Javelin           |       |    13 |     4 |       |       |       |       |       |       ||    17
 Cast: Beastly Appendage |     5 |    14 |    20 |     3 |    26 |       |       |       |       ||    68
       Spider Form       |       |     5 |     8 |     6 |       |       |       |       |       ||    19
       Stoneskin         |       |       |       |    22 |   120 |   127 |   107 |   145 |   229 ||   750
       Ice Form          |       |       |       |     7 |     3 |       |       |       |       ||    10
       Statue Form       |       |       |       |       |    27 |    59 |    67 |    90 |   190 ||   433
       Repel Missiles    |       |       |       |       |     5 |    15 |     3 |     5 |    12 ||    40
       Confusing Touch   |       |       |       |       |     8 |    11 |       |       |       ||    19
       Flight            |       |       |       |       |     4 |     4 |       |     3 |    14 ||    25
       Petrify           |       |       |       |       |     1 |       |       |       |       ||     1
       Animate Skeleton  |       |       |       |       |       |    11 |    11 |     5 |     4 ||    31
       Regeneration      |       |       |       |       |       |       |    25 |    31 |    97 ||   153
       Haste             |       |       |       |       |       |       |       |    16 |    27 ||    43
       Phase Shift       |       |       |       |       |       |       |       |     2 |     8 ||    10
       Apportation       |       |       |       |       |       |       |       |       |     3 ||     3
       Control Teleport  |       |       |       |       |       |       |       |       |     3 ||     3
       Controlled Blink  |       |       |       |       |       |       |       |       |     1 ||     1
Invok: Minor Destruction |       |       |     3 |    23 |    23 |       |     1 |       |       ||    50
       Lesser Servant of |       |       |       |    11 |     8 |       |       |       |     5 ||    24
       Major Destruction |       |       |       |       |     2 |     6 |    11 |       |     5 ||    24
       Greater Servant o |       |       |       |       |       |     4 |     5 |     5 |     9 ||    23
 Abil: End Transformatio |       |     1 |     4 |     9 |    11 |     3 |     3 |     5 |     1 ||    37
Evoke: Wand              |       |     2 |       |     5 |    10 |    13 |     6 |     6 |    27 ||    69
       Phial of floods   |       |       |       |       |     2 |     1 |       |     1 |       ||     4
       Fan of gales      |       |       |       |       |       |       |       |       |     1 ||     1
       Horn of Geryon    |       |       |       |       |       |       |       |       |     1 ||     1
  Use: Scroll            |       |     6 |    16 |    13 |    17 |    19 |     9 |    25 |    15 ||   120
       Potion            |       |     2 |     5 |     5 |     4 |    10 |    17 |    11 |    18 ||    72
 Stab: Sleeping          |     1 |       |     5 |    14 |    13 |     6 |     6 |     7 |    35 ||    87
       Distracted        |       |       |     2 |     9 |     3 |     9 |    10 |     5 |    14 ||    52
       Invisible         |       |       |       |       |     1 |     1 |       |       |       ||     2
       Confused          |       |       |       |       |     2 |     2 |       |       |     5 ||     9
       Petrifying        |       |       |       |       |     1 |       |       |       |       ||     1
